 Dungeon Crawl Stone Soup version 0.26-a0-1147-g3780a7a11b (webtiles) character file.

Game seed: 10987253809562204788

532 Dracia the Grasshopper (level 7, 0/50 HPs)
             Began as a Demonspawn Warper on Dec 22, 2020.
             Slain by an orc wizard
             ... wielding a +0 glaive of freezing
              (3 damage)
             ... on level 5 of the Dungeon.
             The game lasted 00:09:36 (6179 turns).

Dracia the Grasshopper (Demonspawn Warper)          Turns: 6179, Time: 00:09:37

Health: 0/50       AC:  6    Str: 13      XL:     7   Next: 4%
Magic:  0/10       EV: 11    Int: 13 (15) God:
Gold:   224        SH:  0    Dex: 11 (12) Spells: 2/10 levels left

rFire    . . .     SeeInvis .   c - +0 spear (freeze)
rCold    . . .     Faith    .   (no shield)
rNeg     . . .     Spirit   +   b - +1 leather armour
rPois    .         Reflect  .   (no helmet)
rElec    .         Harm     .   (no cloak)
rCorr    .         Rampage  .   (no gloves)
Will     .....                  (no boots)
Stlth    +.........             A - amulet of the acrobat
HPRegen  0.16/turn              (no ring)
MPRegen  0.12/turn              (no ring)

@: no status effects
A: iridescent scales 1, magic shield
a: no special abilities


You were on level 5 of the Dungeon.
You visited 1 branch of the dungeon, and saw 5 of its levels.

You collected 224 gold pieces.


Innate Abilities, Weirdness & Mutations

You are partially covered in iridescent scales. (AC +2)
When hurt, damage is shared between your health and your magic reserves.


   Skills:
 - Level 2.0 Fighting
 - Level 1.7 Short Blades
 - Level 0.8 Throwing
 + Level 4.7 Armour
 - Level 1.7 Dodging
 - Level 2.0 Spellcasting
 + Level 5.5 Translocations


You had 2 spell levels left.
You knew the following spells:

 Your Spells              Type           Power        Failure   Level
g - Gell's Gravitas       Tloc           7%           10%         3
l - Lesser Beckoning      Tloc           7%           10%         3
I - Blink                 Tloc           N/A          4%          2

Your spell library contained the following spells:

 Spells                   Type           Power        Failure   Level
 Teleport Other           Tloc           15%          10%         3
 Passage of Golubria      Tloc           N/A          32%         4

Inventory:

Hand Weapons
 a - a +0 short sword
 c - a +0 spear of freezing (weapon)
 j - a +3 flail
 p - a +0 short sword of protection
Missiles
 e - 5 boomerangs of dispersal {=f=f}
 f - a throwing net {=f=f}
 h - 3 boomerangs (quivered)
 r - a curare-tipped dart {=f=f}
Armour
 b - a +1 leather armour (worn)
Jewellery
 A - an amulet of the acrobat (around neck)
Scrolls
 d - a scroll of blinking
 g - 2 scrolls of teleportation {@r4@r4}
 i - a scroll of immolation
 k - a scroll of enchant armour
 q - 3 scrolls of identify {@r1@r1}

Dungeon Overview and Level Annotations

Branches:
Dungeon (5/15)             Temple (0/1) D:4

Altars:
Kikubaaqudgha
Trog
Wu Jian

#.. #.. ..# ##. ##
##.# ### #.. #.. ..#
..# #.# .. #.# #.#
#.# #.#o###.# #.#
#..{S@..# #.#
#.....o###.#######.#
#......###.)(......#
########...#########
#...## #._.# #...#
### #...# #.. #...#
#.#


You could see an adder and 2 orcs.


Message History

* * * LOW HITPOINT WARNING * * *
You hit the adder.
The adder seems to slow down.
You freeze the adder.
The adder is heavily wounded.
Something hits you.
* * * LOW HITPOINT WARNING * * *
Something freezes you. The adder barely misses you.
You hit the adder but do no damage.
The adder is heavily wounded.
The adder is no longer moving slowly.
Something hits you. Something freezes you.
* * * LOW HITPOINT WARNING * * *
The adder completely misses you.
Unknown command.
You closely miss the adder.
The adder is heavily wounded.
Something hits you.
* * * LOW HITPOINT WARNING * * *
Something freezes you.
* * * LOW HITPOINT WARNING * * *
The adder barely misses you.
You completely miss the adder.
The adder is heavily wounded.
Something hits you.
* * * LOW HITPOINT WARNING * * *
Something freezes you.
* * * LOW HITPOINT WARNING * * *
The adder bites you but does no damage. Something hits you!
* * * LOW HITPOINT WARNING * * *
Something freezes you.
You die...

Skill      XL: |  1  2  3  4  5  6 |
---------------+-------------------+-----
Armour         | 1 2 3 4 |  4.7
Translocations | 3 4 5 |  5.5
Fighting       | |  2.0
Short Blades   | |  1.7
Throwing       | |  0.8
Dodging        | |  1.7
Spellcasting   | |  2.0

Action                   |  1- 3 |  4- 6 |  7- 9 || total
-------------------------+-------+-------+-------++-------
Melee: Short sword       |   165 |   262 |       ||   427
       Flail             |    16 |   127 |       ||   143
       Spear             |       |     2 |    19 ||    21
Throw: Dart              |       |     2 |       ||     2
 Cast: Gell's Gravitas   |       |     3 |       ||     3
  Use: Scroll            |     2 |     6 |       ||     8
       Potion            |       |     7 |       ||     7
 Stab: Sleeping          |     1 |       |       ||     1
Armor: Leather armour    |    36 |   146 |     4 ||   186
Dodge: Dodged            |   116 |   236 |    18 ||   370

Levels and vault maps discovered:
D:1:      wander_arrival_estate, layout_loops_ring, serial_park_tiny_pond
D:2:      layout_basic, chequers_ecumenical_altar_twisty, uniq_terence,
          uniq_jessica
D:3:      corexii_shack_village, layout_basic, marbit_many_paths,
          lemuel_round_altar
D:4:      layout_basic, minmay_temple_entry_purple_smoke
D:5:      layout_loops_cross, overflow_temple_1_default,
          nicolae_ossuary_entry_plus

Notes
Turn   | Place    | Note
-------+----------+-------------------------------------------
     0 | D:1      | Dracia the Demonspawn Warper began the quest for the Orb.
     0 | D:1      | Reached XP level 1. HP: 16/16 MP: 3/3
    40 | D:1      | Reached skill level 1 in Armour
   378 | D:1      | Reached skill level 3 in Translocations
   388 | D:1      | Gained mutation: When hurt, damage is shared between your
                  | health and your magic reserves. [demonic ancestry]
   388 | D:1      | Reached XP level 2. HP: 11/22 MP: 5/5
  1233 | D:1      | Reached skill level 2 in Armour
  1239 | D:1      | Gained mutation: You are partially covered in iridescent
                  | scales. (AC +2) [demonic ancestry]
  1239 | D:1      | Reached XP level 3. HP: 19/27 MP: 6/6
  2290 | D:2      | Learned a level 2 spell: Blink
  2294 | D:2      | Learned a level 3 spell: Gell's Gravitas
  2380 | D:2      | Noticed Jessica
  2384 | D:2      | Killed Jessica
  2385 | D:2      | Reached XP level 4. HP: 31/33 MP: 5/7
  2551 | D:2      | Found a faded altar of an unknown god.
  2799 | D:2      | Noticed Terence
  2812 | D:2      | Killed Terence
  2813 | D:2      | Reached skill level 3 in Armour
  2813 | D:2      | Reached skill level 4 in Translocations
  3345 | D:2      | Reached XP level 5. HP: 30/38 MP: 6/8
  3649 | D:3      | Found a bloodstained altar of Trog.
  3697 | D:3      | Found an ornate altar of the Wu Jian Council.
  4751 | D:4      | Noticed an ogre
  4760 | D:4      | Killed an ogre
  4761 | D:4      | Reached XP level 6. HP: 34/44 MP: 7/9
  4765 | D:4      | Learned a level 3 spell: Lesser Beckoning
  4878 | D:4      | Reached skill level 4 in Armour
  4903 | D:4      | Reached skill level 5 in Translocations
  5138 | D:4      | Found a staircase to the Ecumenical Temple.
  5883 | D:5      | Entered Level 5 of the Dungeon
  6083 | D:5      | Found an ancient bone altar of Kikubaaqudgha.
  6132 | D:5      | Reached XP level 7. HP: 37/50 MP: 8/10
  6179 | D:5      | HP: 3/50 [something (7)]
  6179 | D:5      | Slain by an orc wizard

Vanquished Creatures
  2 ogres (D:4)
  A hound (D:4)
  Terence (D:2)
  Jessica (D:2)
  An orc wizard (D:3)
  A worker ant (D:4)
  A hound zombie (D:4)
  5 adders
  4 gnolls (D:5)
  2 worms (D:2)
  3 dart slugs (D:2)
  A leopard gecko (D:1)
  15 orcs
  4 bats
  6 giant cockroaches
  9 goblins
  14 hobgoblins
  3 jackals (D:1)
  11 kobolds
  2 quokkas
  A ball python (D:3)
  7 frilled lizards
  13 rats
108 creatures vanquished.

Table legend: (Time is in decaauts)
 A = Elapsed time spent in this place.
 B = Non-inter-level travel time spent in this place.
 C = Inter-level travel time spent in this place.
 D = Time resting spent in this place.
 E = Time spent auto-exploring this place.
 F = Levels seen in this place.
 G = Mean time per level.
                   A        B        C        D        E       F      G
               +--------+--------+--------+--------+--------+-----+--------+
         Total |   6251 |   6145 |    106 |   1758 |   3112 |   5 | 1250.2 |
       Dungeon |   6251 |   6145 |    106 |   1758 |   3112 |   5 | 1250.2 |
               +--------+--------+--------+--------+--------+-----+--------+

Top non-repeatable levels by time:
     D:1: 2056 daAuts
     D:3: 1390 daAuts
     D:2: 1375 daAuts
     D:4: 1131 daAuts
     D:5: 297 daAuts

Table legend:
 A = Non-vault XP
 B = Vault XP
 C = Vault XP percentage of total XP
 D = Non-vault monster count
 E = Vault monster count
 F = Vault count percentage of total count
                 A         B        C        D         E       F
            +---------+---------+-------+---------+---------+-------
      Total |     660 |     101 |  13.3 |      94 |      14 |  13.0
            +---------+---------+-------+---------+---------+-------
        D:1 |      55 |       0 |   0.0 |      33 |       0 |   0.0
        D:2 |      62 |      75 |  54.7 |      22 |       2 |   8.3
        D:3 |      85 |      26 |  23.4 |      22 |      12 |  35.3
        D:4 |     397 |       0 |   0.0 |      12 |       0 |   0.0
        D:5 |      61 |       0 |   0.0 |       5 |       0 |   0.0
            +---------+---------+-------+---------+---------+-------
